 Dungeon Crawl Stone Soup version 0.28.0-47-ge53b351184 (webtiles) character file.

Game seed: 4817139632440724453

166 Zeld the Chopper (level 5, 0/47 HPs)
             Began as a Minotaur Berserker on Apr 27, 2022.
             Was a Believer of Trog.
             Slain by an orc wizard
             ... wielding a +4 dagger of freezing
              (1 damage)
             ... on level 4 of the Dungeon.
             The game lasted 00:02:30 (3129 turns).

Zeld the Chopper (Minotaur Berserker)               Turns: 3129, Time: 00:02:31

Health: 0/47       AC:  2    Str: 24    XL:     5   Next: 22%
Magic:  4/4        EV: 12    Int:  4    God:    Trog [**....]
Gold:   95         SH:  0    Dex:  9    Spells: 4/4 levels left

rFire   . . .      SeeInvis .   a - +0 war axe
rCold   . . .      Faith    .   (no shield)
rNeg    . . .      Spirit   .   b - +0 animal skin
rPois   .          Reflect  .   (helmet restricted)
rElec   .          Harm     .   (no cloak)
rCorr   .          Rampage  .   (no gloves)
Will    .....                   (no boots)
Stlth   ++........              (no amulet)
HPRegen 0.15/turn               (no ring)
MPRegen 0.09/turn               (no ring)

@: no status effects
A: horns 2, retaliatory headbutt
a: Renounce Religion, Berserk, Trog's Hand


You were on level 4 of the Dungeon.
You worshipped Trog.
Trog was pleased with you.
You visited 1 branch of the dungeon, and saw 5 of its levels.

You collected 95 gold pieces.

Inventory:

Hand Weapons
 a - a +0 war axe (weapon)
Armour
 b - a +0 animal skin (worn)
Scrolls
 c - a scroll of teleportation {unknown}
 d - 4 scrolls of identify {unknown}
 j - a scroll of blinking {unknown}
 k - a scroll of enchant armour {unknown}
Potions
 e - a potion of lignification {unknown}
 f - a potion of resistance {unknown}
 g - a potion of haste {unknown}
 h - 2 potions of mutation {unknown}
 i - a potion of berserk rage {unknown}


   Skills:
 * Level 4.5 Fighting
 * Level 5.1 Axes
 + Level 3.3 Armour
 + Level 3.0 Dodging
 + Level 1.6 Stealth


You had 4 spell levels left.
You didn't know any spells.
Your spell library was empty.

Dungeon Overview and Level Annotations

Branches:
Dungeon (5/15)
 Temple: D:4-7

Altars:
Uskayaw


Innate Abilities, Weirdness & Mutations

You have a pair of horns on your head.
You reflexively headbutt those who attack you in melee.


Message History

a +0 robe; a +0 dagger; an orc corpse No target in view!
The orc wizard points at you and mumbles some strange words.
The magic dart hits you!
Found a scroll labelled SEIT XYETSIMP.
Found 10 gold pieces.
The orc wizard casts a spell at you. The puff of flame hits you!
Found a twisted bronze wand.
Found a dagger.
The orc wizard gestures at you while chanting.
The puff of flame hits you.
You enter the shallow water.
Moving in this stuff is going to be slow.
An adder comes into view.
The adder hisses angrily.
The adder bites you.
You slash the adder!
You kill the adder!
Trog accepts your kill.
The orc wizard gestures at you while chanting.
The magic dart hits you!
You are too injured to fight recklessly!
You are too injured to fight recklessly!
You are too injured to fight recklessly!
The orc wizard hits you with a +4 dagger of freezing.
The orc wizard freezes you.
* * * LOW HITPOINT WARNING * * *
You slash the orc wizard!
The orc wizard is almost dead.
The orc wizard hits you with a +4 dagger of freezing.
* * * LOW HITPOINT WARNING * * *
The orc wizard freezes you.
* * * LOW HITPOINT WARNING * * *
You closely miss the orc wizard. Your headbutt misses the orc wizard.
The orc wizard is almost dead.
The orc wizard hits you with a +4 dagger of freezing.
* * * LOW HITPOINT WARNING * * *
The orc wizard freezes you.
You die...

...# .... ...# /....
...## ...... ....###
...... ####.......
.......##......)...
........#.....≈.....
............≈≈≈≈≈.≈.
......$..@####≈#≈#≈≈
...?....o.# ≈≈
..........# ##
..........#
..........#
........###
........##
.........##
..........#


You could see an orc wizard.

Vanquished Creatures
  A jelly (D:2)
  An iguana (D:4)
  An orc wizard (D:4)
  2 adders
  2 worms (D:3)
  6 orcs
  7 bats
  3 endoplasms
  3 giant cockroaches
  7 goblins
  4 hobgoblins
  5 kobolds
  3 quokkas
  5 ball pythons
  3 frilled lizards
  6 rats
59 creatures vanquished.

Notes
Turn   | Place    | Note
-------+----------+-------------------------------------------
     0 | D:1      | Zeld the Minotaur Berserker began the quest for the Orb.
     0 | D:1      | Reached XP level 1. HP: 19/19 MP: 0/0
   240 | D:1      | Reached XP level 2. HP: 13/27 MP: 1/1
   481 | D:1      | Reached skill level 4 in Axes
   968 | D:2      | Reached XP level 3. HP: 28/33 MP: 2/2
  1101 | D:2      | Reached ** piety under Trog
  1495 | D:2      | Reached skill level 1 in Stealth
  1625 | D:2      | Reached XP level 4. HP: 36/40 MP: 3/3
  2849 | D:4      | Found a hide-covered altar of Uskayaw.
  2873 | D:4      | Reached skill level 5 in Axes
  2880 | D:5      | Entered Level 5 of the Dungeon
  2903 | D:4      | Reached XP level 5. HP: 19/47 MP: 4/4
  3129 | D:4      | HP: 1/47 [orc wizard/+4 dagger of freezing (5)]
  3129 | D:4      | Slain by an orc wizard

Illustrated notes

Levels and vault maps discovered:
D:1:      co_arrival_random_square_maze, layout_rooms
D:2:      layout_rooms, grunt_decor_cap
D:3:      layout_basic, nicolae_wormholes
D:4:      layout_layer_cave, jmf_multi_god_temple2, nicolae_uskayaw_dance_hall,
          nicolae_overflow_crystal_walls, lightli_sewer_entry_pipes,
          corexii_leaking_fountain
D:5:      layout_rooms, minmay_temple_entry_butterflies, uniq_grinder

Skill      XL: |  1  2  3  4 |
---------------+-------------+-----
Axes           | 4 5 |  5.1
Fighting       | 4 |  4.5
Armour         | 3 |  3.3
Stealth        | 1 |  1.6
Dodging        | 3 |  3.0

Action                   |  1- 3 |  4- 6 || total
-------------------------+-------+-------++-------
Melee: Hand axe          |    59 |    17 ||    76
       Headbutt          |     7 |     5 ||    12
       War axe           |       |    24 ||    24
Invok: Berserk           |     1 |       ||     1
       Trog's Hand       |       |     1 ||     1
 Stab: Sleeping          |     1 |       ||     1
Armor: Animal skin       |    13 |     4 ||    17
Dodge: Dodged            |    54 |    30 ||    84
